 Dungeon Crawl Stone Soup version 0.29.0-4-gdea44cf6ec (webtiles) character file.

Game seed: 18312080656240105755

2239 qw the Cleaver (level 9, -9/75 HPs)
             Began as a Minotaur Fighter on Sept 7, 2022.
             Was an Initiate of Ru.
             Mangled by Maggie
             ... wielding a +0 morningstar
              (13 damage)
             ... on level 6 of the Dungeon.
             The game lasted 00:02:06 (6224 turns).

qw the Cleaver (Minotaur Fighter)                   Turns: 6224, Time: 00:02:06

Health: -9/75      AC:  0    Str: 25    XL:     9   Next: 14%
Magic:  8/8        EV: 19    Int:  5    God:    Ru [......]
Gold:   857        SH:  0    Dex: 15    Spells: 8/8 levels left

rFire   . . .      SeeInvis .   (weapon currently unavailable)
rCold   . . .      Faith    .   (shield currently unavailable)
rNeg    . . .      Spirit   .   (body armour currently unavailable)
rPois   .          Reflect  .   (helmet currently unavailable)
rElec   .          Harm     .   (cloak currently unavailable)
rCorr   .          Rampage  .   (gloves currently unavailable)
Will    .....                   (boots currently unavailable)
Stlth   +.........              (no amulet)
HPRegen 0.22/turn               (ring currently unavailable)
MPRegen 0.11/turn               (ring currently unavailable)

@: bat-form (expiring), flying, mesmerised, very quick
A: fast, flying, no casting, tiny, (horns 2), (retaliatory headbutt), subdued
magic 1, MP-powered wands
a: Renounce Religion


You were on level 6 of the Dungeon.
You worshipped Ru.
Ru was noncommittal.
You were a bat.
You visited 2 branches of the dungeon, and saw 7 of its levels.

You collected 857 gold pieces.


Innate Abilities, Weirdness & Mutations

You are a bat.
You are tiny and dextrous.
You move quickly.
You are flying.
Your equipment is almost entirely melded.
You are incapable of wielding weapons or throwing items.
You cannot cast spells.
((You have a pair of horns on your head.))
((You reflexively headbutt those who attack you in melee.))
Your spells are a little easier to cast, but a little less powerful.
You expend magic power (3 MP) to strengthen your wands.


   Skills:
 - Level 6.0 Fighting
 - Level 11.8 Axes
 - Level 4.7 Throwing
 - Level 4.2 Armour
 + Level 2.1 Dodging
 - Level 4.1 Shields


You had 8 spell levels left.
You didn't know any spells.
Your spell library was empty.

Inventory:

Hand Weapons
 a - a +0 flail of draining
 Y - a +1 war axe (melded)
Missiles
 l - 2 boomerangs (quivered)
Armour
 b - a +3 chain mail of willpower (melded)
 c - a +0 buckler (melded)
 j - a +1 pair of gloves (melded)
 m - a +0 plate armour
 o - +0 fire dragon scales
Jewellery
 f - a ring of fire
Scrolls
 k - a scroll of identify
Potions
 d - a potion of might
 e - a potion of resistance {unknown}
 g - a potion of mutation
 h - a potion of attraction {unknown}
 i - a potion of flight {unknown}
 n - 2 potions of curing

Dungeon Overview and Level Annotations

Branches:
Dungeon (6/15)             Temple (1/1) D:4

Altars:
Dithmenos
Fedhas
Okawaru
Qazlal
Ru
Sif Muna
Vehumet
Wu Jian
Xom
Zin

Annotations:
D:4 2 runed translucent doors, qw's ghost, amateur BaCK
D:6 Maggie


Message History

You barely miss Maggie.
Maggie is heavily wounded.
Maggie casts a spell.
Maggie draws you further into her thrall.
You hit Maggie.
Maggie is heavily wounded.
Maggie hits you with a +0 morningstar.
You barely miss Maggie.
Maggie is heavily wounded.
You hit Maggie.
Maggie is severely wounded.
Maggie misses you.
You hit Maggie.
Maggie is severely wounded.
Your transformation is almost over.
Maggie mumbles some strange words.
Maggie draws you further into her thrall.
You hit Maggie.
Maggie is severely wounded.
Maggie points at you and mumbles some strange words.
The bolt of fire misses you.
You hit Maggie.
Maggie is severely wounded.
Maggie points at you and mumbles some strange words.
The bolt of fire misses you.
You hit Maggie but do no damage.
Maggie is severely wounded.
Maggie misses you.
You hit Maggie but do no damage.
Maggie is severely wounded.
You hit Maggie.
Maggie is severely wounded.
Maggie barely misses you.
You hit Maggie but do no damage.
Maggie is severely wounded.
Maggie closely misses you.
You hit Maggie but do no damage.
Maggie is severely wounded.
Maggie hits you with a +0 morningstar!
You die...

######## #....... ####
#.###### ... ##.##
######.#########...###
......@b.$...........#
######..########...#.#
#$.# ##.##.# #..#
#.##.# #..#
#######.##.## ....
........).#.## ##.##
#######.<###.. #.
##.<#.## #)#)...


You could see Maggie (mesmerising).

Vanquished Creatures
  Pikel (D:5)
  Eustachio (D:5)
  Duvessa (D:5)
  2 ogres
  A centaur (D:5)
  3 lemures (D:5)
  2 phantoms
  A bullfrog (D:6)
  A gnoll sergeant (D:5)
  5 scorpions (D:5)
  Dowan (D:5)
  A hound (D:5)
  4 jellies
  3 orc priests
  Ijyb (D:5)
  3 iguanas
  Natasha (thrice) (D:3)
  2 orc wizards
  Terence (D:2)
  5 adders
  9 gnolls
  An ufetubus (D:6)
  A worm (D:3)
  2 dart slugs
  10 orcs
  9 endoplasms
  2 giant cockroaches
  3 goblins
  6 hobgoblins
  3 jackals (D:2)
  3 quokkas
  2 ball pythons (D:1)
  14 bats
  3 frilled lizards
  8 kobolds
  3 rats
121 creatures vanquished.

Vanquished Creatures (others)
  6 fungi
  A plant (D:1)
7 creatures vanquished.

Grand Total: 128 creatures vanquished

Notes
Turn   | Place    | Note
-------+----------+-------------------------------------------
     0 | D:1      | qw the Minotaur Fighter began the quest for the Orb.
     0 | D:1      | Reached XP level 1. HP: 19/19 MP: 0/0
     0 | D:1      | 0 ||| qw: Version: 0.1-a-108-g9e35731
     0 | D:1      | 0 ||| qw: Game counter: 6497
     0 | D:1      | 0 ||| qw: Always use a shield: true
     0 | D:1      | 0 ||| qw: God list: Ru
     0 | D:1      | 0 ||| qw: Allow faded altars: false
     0 | D:1      | 0 ||| qw: Do Orc after D:15 true
     0 | D:1      | 0 ||| qw: Do second Lair branch before Depths: true
     0 | D:1      | 0 ||| qw: Lair rune preference: random
     0 | D:1      | 0 ||| qw: Plans: Normal
     0 | D:1      | 0 ||| PLANNING D:1-11
   133 | D:1      | Found a faded altar of an unknown god.
   281 | D:1      | Reached skill level 3 in Axes
   402 | D:1      | Reached XP level 2. HP: 26/26 MP: 1/1
   548 | D:1      | 548 ||| Stepping ~*~*~tactically~*~*~ (stealth).
   745 | D:1      | 745 ||| UPGRADING to +1 pair of gloves.
   750 | D:1      | 750 ||| UPGRADING to +0 plate armour.
   760 | D:1      | 760 ||| DROPPING +0 scale mail.
   761 | D:1      | 761 ||| READING scroll labelled LYSANU YCOST.
   762 | D:1      | 762 ||| READING scroll labelled FEOTWE GYBIUP.
   763 | D:1      | 763 ||| READING scroll labelled JIETUA XYTEN.
   764 | D:1      | 764 ||| DRINKING 2 brown potions.
   869 | D:1      | 869 ||| DROPPING potion of berserk rage.
   948 | D:2      | Noticed Terence
   950 | D:2      | 950 ||| Stepping ~*~*~tactically~*~*~ (stealth).
   956 | D:2      | Reached skill level 4 in Axes
   966 | D:2      | Killed Terence
   967 | D:2      | Reached XP level 3. HP: 14/31 MP: 2/2
  1138 | D:2      | 1138 ||| DROPPING +0 club.
  1237 | D:2      | 1237 ||| Stepping ~*~*~tactically~*~*~ (stealth).
  1320 | D:2      | 1320 ||| Stepping ~*~*~tactically~*~*~ (stealth).
  1321 | D:2      | 1321 ||| Stepping ~*~*~tactically~*~*~ (stealth).
  1333 | D:2      | 1333 ||| FLEEEEING.
  1402 | D:2      | Reached skill level 5 in Axes
  1459 | D:2      | Reached XP level 4. HP: 39/39 MP: 3/3
  1517 | D:2      | 1517 ||| UPGRADING to +3 chain mail of willpower.
  1527 | D:2      | 1527 ||| READING scroll labelled HIBREATOQO.
  1528 | D:2      | 1528 ||| READING scroll labelled IPNAZE ANOE.
  1573 | D:3      | Noticed Natasha
  1579 | D:3      | Killed Natasha
  1765 | D:3      | Noticed Natasha
  1775 | D:3      | Killed Natasha
  1776 | D:3      | Reached skill level 6 in Axes
  1912 | D:3      | 1912 ||| Stepping ~*~*~tactically~*~*~ (hiding).
  2055 | D:3      | Reached skill level 1 in Dodging
  2055 | D:3      | Reached XP level 5. HP: 45/45 MP: 4/4
  2187 | D:3      | Noticed Natasha
  2188 | D:3      | 2188 ||| Stepping ~*~*~tactically~*~*~ (hiding).
  2194 | D:3      | Killed Natasha
  2385 | D:3      | 2385 ||| READING scroll labelled XUINOS DUOJUIG.
  2385 | D:3      | Identified a scroll of acquirement
  2385 | D:3      | 2385 ||| ACQUIRING 608 gold pieces
  2385 | D:3      | Acquired 608 gold pieces
  2387 | D:3      | 2387 ||| READING scroll labelled IREYLL IMYBUCKE.
  2388 | D:3      | 2388 ||| READING scroll labelled WAMOOS HAUNG.
  2489 | D:3      | 2489 ||| READING scroll labelled WIGUAXTERIM.
  2490 | D:3      | 2490 ||| DRINKING 2 grey potions.
  2621 | D:4      | Reached skill level 7 in Axes
  2677 | D:4      | Reached XP level 6. HP: 38/52 MP: 5/5
  2818 | D:4      | 2818 ||| Stepping ~*~*~tactically~*~*~ (hiding).
  2819 | D:4      | 2819 ||| Stepping ~*~*~tactically~*~*~ (hiding).
  2822 | D:4      | 2822 ||| Stepping ~*~*~tactically~*~*~ (hiding).
  2914 | D:4      | Found a large runed translucent door.
  2916 | D:4      | Found a large runed translucent door.
  2920 | D:4      | Noticed qw's ghost (amateur BaCK)
  3064 | D:4      | Reached skill level 8 in Axes
  3271 | D:4      | Found a staircase to the Ecumenical Temple.
  3272 | D:4      | 3272 ||| PLANNING TEMPLE
  3274 | D:4      | 3274 ||| READING scroll labelled BIXEICULOYT.
  3275 | D:4      | 3275 ||| Stepping randomly (stuck).
  3276 | D:4      | 3276 ||| Stepping ~*~*~tactically~*~*~ (cloud).
  3365 | Temple   | Entered the Ecumenical Temple
  3467 | Temple   | Became a worshipper of Ru the Awakened
  3474 | Temple   | 3474 ||| PLANNING D:1-11
  3881 | D:5      | Entered Level 5 of the Dungeon
  3948 | D:5      | Found a glowing silver altar of Zin.
  3964 | D:5      | Reached skill level 9 in Axes
  3964 | D:5      | Reached XP level 7. HP: 59/59 MP: 6/6
  4040 | D:5      | Noticed Ijyb
  4055 | D:5      | HP: 6/60 [Ijyb/bolt of acid (12)]
  4056 | D:5      | HP: 2/60 [Ijyb/+0 club (5)]
  4057 | D:5      | Killed Ijyb
  4562 | D:5      | Found an iron altar of Okawaru.
  4564 | D:5      | Noticed Duvessa
  4564 | D:5      | Noticed Dowan
  4565 | D:5      | 4565 ||| Stepping ~*~*~tactically~*~*~ (hiding).
  4569 | D:5      | 4569 ||| Stepping ~*~*~tactically~*~*~ (hiding).
  4573 | D:5      | Killed Duvessa
  4578 | D:5      | Reached skill level 10 in Axes
  4581 | D:5      | 4581 ||| FLEEEEING.
  4582 | D:5      | 4582 ||| FLEEEEING.
  4583 | D:5      | 4583 ||| FLEEEEING.
  4584 | D:5      | 4584 ||| FLEEEEING.
  4788 | D:5      | Noticed Pikel
  4810 | D:5      | Killed Pikel
  4811 | D:5      | Reached XP level 8. HP: 18/68 MP: 7/7
  5051 | D:5      | 5051 ||| DROPPING +0 mace.
  5074 | D:5      | Killed Dowan
  5075 | D:5      | 5075 ||| FLEEEEING.
  5076 | D:5      | 5076 ||| FLEEEEING.
  5077 | D:5      | 5077 ||| FLEEEEING.
  5078 | D:5      | 5078 ||| FLEEEEING.
  5079 | D:5      | 5079 ||| FLEEEEING.
  5080 | D:5      | 5080 ||| FLEEEEING.
  5081 | D:5      | 5081 ||| FLEEEEING.
  5082 | D:5      | 5082 ||| FLEEEEING.
  5083 | D:5      | 5083 ||| FLEEEEING.
  5084 | D:5      | 5084 ||| FLEEEEING.
  5085 | D:5      | 5085 ||| FLEEEEING.
  5086 | D:5      | 5086 ||| FLEEEEING.
  5386 | D:5      | Identified the +2 barding "Jamiqosk" {Harm Int+6}
  5398 | D:5      | Reached skill level 6 in Fighting
  5459 | D:5      | Noticed Eustachio
  5460 | D:5      | 5460 ||| Stepping ~*~*~tactically~*~*~ (hiding).
  5489 | D:5      | 5489 ||| Stepping ~*~*~tactically~*~*~ (stealth).
  5499 | D:5      | 5499 ||| Stepping ~*~*~tactically~*~*~ (hiding).
  5502 | D:5      | 5502 ||| Stepping ~*~*~tactically~*~*~ (hiding).
  5511 | D:5      | Killed Eustachio
  5574 | D:5      | Reached skill level 11 in Axes
  5617 | D:5      | Reached XP level 9. HP: 72/75 MP: 8/8
  5635 | D:5      | Found the +7 Singing Sword {vorpal, sonic wave}
  5863 | D:5      | 5863 ||| READING 2 scrolls labelled KOUBAM OWISCHE.
  5864 | D:5      | 5864 ||| READING scroll labelled PUMI CEACUNUX.
  5865 | D:5      | 5865 ||| DRINKING 2 emerald potions.
  5865 | D:5      | Gained mutation: You expend magic power (3 MP) to
                  | strengthen your wands. [potion of mutation]
  5865 | D:5      | Gained mutation: Your spells are a little easier to cast,
                  | but a little less powerful. [potion of mutation]
  5866 | D:5      | 5866 ||| DROPPING scroll of butterflies.
  6097 | D:6      | 6097 ||| PLANNING SEWER
  6097 | D:6      | 6097 ||| STAIRDANCE
  6126 | D:6      | 6126 ||| DROPPING +0 whip of freezing.
  6183 | D:6      | Noticed Maggie
  6202 | D:6      | HP: 11/75 [Maggie/bolt of fire (36)]
  6208 | D:6      | HP: 5/75 [Maggie/bolt of fire (7)]
  6214 | D:6      | HP: 2/75 [Maggie/+0 morningstar (4)]
  6224 | D:6      | Mangled by Maggie

Levels and vault maps discovered:
D:1:      lemuel_arrival_rhombus, layout_rooms, shapermc_ecumenical_altar_gd
D:2:      layout_basic, kennysheep_generic_room_12, uniq_terence
D:3:      layout_loops_ring, uniq_natasha
D:4:      layout_basic, minmay_temple_entry_proselytizer,
          ebering_ghost_disaster_area
D:5:      old_forge, layout_basic, mainiacjoe_overflow_concentric_impassable,
          mainiacjoe_overflow_24_doors, minivault_23, grunt_ministairs_4,
          uniq_eustachio, uniq_duvessa, uniq_pikel, uniq_ijyb
D:6:      layout_loops_ring, grunt_temple_overflow_cloverleaf,
          mainiacjoe_overflow_catwalk, cheibrodos_sewer_entry_drain,
          uniq_crazy_yiuf_cottage, uniq_maggie
Temple:   nicolae_temple_slightly_damp_pantheon

Skill      XL: |  1  2  3  4  5  6  7  8 |
---------------+-------------------------+-----
Axes           | 3 4 5 6 7 9 10 11 | 11.8
Dodging        | 1 2 |  2.1
Fighting       | 4 5 6 |  6.0
Throwing       | 4 |  4.7
Armour         | 4 |  4.2
Shields        | 4 |  4.1

Action                   |  1- 3 |  4- 6 |  7- 9 || total
-------------------------+-------+-------+-------++-------
Melee: War axe           |    78 |    83 |   148 ||   309
       Headbutt          |     9 |    14 |    23 ||    46
       Unarmed           |       |       |    36 ||    36
Throw: Boomerang         |       |    19 |    18 ||    37
  Use: Scroll            |     3 |     7 |     2 ||    12
       Potion            |     1 |     1 |     1 ||     3
Armor: Scale mail        |    17 |       |       ||    17
       Plate armour      |    27 |       |       ||    27
       Chain mail        |       |    56 |   107 ||   163
Dodge: Dodged            |    20 |    23 |    81 ||   124
Block: Buckler           |    12 |    12 |    35 ||    59

Table legend:
 A = Non-vault XP
 B = Vault XP
 C = Vault XP percentage of total XP
 D = Non-vault monster count
 E = Vault monster count
 F = Vault count percentage of total count
                 A         B        C        D         E       F
            +---------+---------+-------+---------+---------+-------
      Total |    1513 |    1686 |  52.7 |      90 |      28 |  23.7
            +---------+---------+-------+---------+---------+-------
        D:1 |      22 |       0 |   0.0 |      16 |       0 |   0.0
        D:2 |      41 |      36 |  46.8 |      17 |       3 |  15.0
        D:3 |     106 |      35 |  24.8 |      12 |       1 |   7.7
        D:4 |     410 |      41 |   9.1 |      20 |       1 |   4.8
        D:5 |     736 |    1574 |  68.1 |      18 |      23 |  56.1
        D:6 |     198 |       0 |   0.0 |       7 |       0 |   0.0
            +---------+---------+-------+---------+---------+-------
